 Dungeon Crawl Stone Soup version 0.31.0-12-g77e489cdc1 (webtiles) character file.

Game seed: 11925262051358927338

67151 mopl the Basher (level 15, -3/142 HPs)
             Began as a Gargoyle Fighter on Feb 16, 2024.
             Was the Champion of Okawaru.
             Hit by a large rock thrown by a cyclops (16 damage)
             ... on level 2 of the Orcish Mines on Feb 21, 2024.
             The game lasted 00:33:28 (19452 turns).

mopl the Basher (Gargoyle Fighter)                 Turns: 19452, Time: 00:33:29

Health: -3/142     AC: 36    Str: 28    XL:     15   Next: 22%
Magic:  19/22      EV: 11    Int: 13    God:    Okawaru [******]
Gold:   1088       SH:  0    Dex: 15    Spells: 14/14 levels left

rFire   + . .        a - +4 dire flail (freeze)
rCold   + + .        (shield currently unavailable)
rNeg    + . .        Y - +0 plate armour
rPois   ∞            J - +0 helmet {Int+3}
rElec   +            E - scarf of Cheibriados's Regard {rC+ rF+, Str+4}
rCorr   .            n - +0 pair of gloves "Jirha" {Str+4}
SInv    .            H - +2 pair of boots {rampage}
Will    +....        Z - amulet of faith Stlth
                     o - ring of protection from cold
HPRegen 0.43/turn    v - +4 ring of protection
MPRegen 0.18/turn

%: rampage, faith
@: berserking (expiring), flying, very quick
A: sickness immunity, AC +11, big wings, negative energy resistance 1,
electricity resistance, torment resistance 1, petrification resistance
a: Renounce Religion, Heroism, Finesse, Duel


You were on level 2 of the Orcish Mines.
You worshipped Okawaru.
Okawaru was exalted by your worship.
You visited 3 branches of the dungeon, and saw 19 of its levels.
You also visited: Ossuary, Bailey and Volcano.

You collected 1334 gold pieces.
You spent 246 gold pieces at shops.

Inventory:

Hand Weapons
 a - a +4 dire flail of freezing (weapon)
 b - the +4 orcbow of Pestilence {speed, rN++ Int+4}
   (You found it in a bailey)

   Int+4:     It affects your intelligence (+4).
   rN++:      It greatly protects you from negative energy.
Missiles
 w - 6 curare-tipped darts
 C - 7 boomerangs
 D - 17 poisoned darts (quivered)
 W - 5 javelins
 X - 8 throwing nets
Armour
 n - the +0 pair of gloves "Jirha" (worn) {Str+4}
   (Okawaru gifted it to you on level 2 of the Lair of Beasts)

   Str+4:     It affects your strength (+4).
 E - the scarf of Cheibriados's Regard (worn) {rC+ rF+, Str+4}
   (You found it on level 5 of the Lair of Beasts)

   Str+4:     It affects your strength (+4).
 H - a +2 pair of boots of rampaging (worn)
 J - a +0 helmet of intelligence (worn)
 Y - a +0 plate armour (worn)
Jewellery
 o - a ring of protection from cold (left hand)
 s - a ring of protection from fire
 v - a +4 ring of protection (right hand)
 Z - an amulet of faith (around neck)
Wands
 y - a wand of flame (15)
 I - a wand of digging (10)
 O - a wand of charming (10)
 Q - a wand of acid (2)
 R - a wand of mindburst (19)
Scrolls
 g - a scroll of enchant armour {unknown}
 k - 4 scrolls of enchant weapon {unknown}
 p - 11 scrolls of teleportation
 q - 3 scrolls of torment {unknown}
 t - 3 scrolls of butterflies
 x - 3 scrolls of vulnerability {unknown}
 F - a scroll of fog
 K - 6 scrolls of poison {unknown}
 M - 2 scrolls of blinking
 P - 3 scrolls of revelation
 T - 2 scrolls of immolation
 V - 2 scrolls of fear
Potions
 c - a potion of mutation
 d - 4 potions of might
 e - a potion of brilliance
 f - 14 potions of curing {unknown}
 h - 8 potions of haste
 i - a potion of degeneration {unknown}
 j - a potion of magic
 l - 2 potions of invisibility
 m - 2 potions of cancellation
 r - 6 potions of lignification
 u - 2 potions of heal wounds
 z - 3 potions of attraction
 B - 2 potions of enlightenment {unknown}
 L - 2 potions of berserk rage
 S - a potion of ambrosia {unknown}


   Skills:
 + Level 11.4 Fighting
 * Level 13.8 Maces & Flails
 + Level 8.9 Throwing
 + Level 11.3 Armour
 + Level 8.0 Dodging
 - Level 3.2 Shields
 + Level 9.3 Invocations
 + Level 8.5 Evocations


You had 14 spell levels left.
You didn't know any spells.
Your spell library contained the following spells:

 Spells                   Type           Power      Damage    Failure   Level
 Apportation              Tloc           0%         N/A       93%         1
 Kiss of Death            Conj/Necr      0%         2d5       93%         1
 Necrotise                Necr           0%         1d4       93%         1
 Sting                    Conj/Alch      0%         1d3       93%         1
 Jinxbite                 Hex            0%         N/A       98%         2
 Confusing Touch          Hex            0%         N/A       100%        3
 Dimensional Bullseye     Hex/Tloc       0%         N/A       100%        4
 Dispel Undead            Necr           0%         3d6       100%        4
 Iskenderun's Mystic Bla  Conj/Tloc      0%         2d3       100%        4
 Passage of Golubria      Tloc           0%         N/A       100%        4
 Yara's Violent Unravell  Hex/Alch       0%         3d3       100%        5
 Enfeeble                 Hex            0%         N/A       100%        7
 Summon Small Mammal      Summ           Unusable   N/A       N/A         1
 Tukima's Dance           Hex            Unusable   N/A       N/A         3

Dungeon Overview and Level Annotations

Branches:
Dungeon (12/15)            Temple (0/1) D:7            Lair (5/5) D:8
 Shoals (0/4) Lair:3       Spider (0/4) Lair:2        Slime (0/5) Lair:5
    Orc (2/2) D:11        Ossuary (visited)          Bailey (visited)
Volcano (visited)
    Elf: Orc:2

Altars:
Dithmenos
Elyvilon
Fedhas
Gozag
Makhleb
Nemelex Xobeh
Okawaru
Qazlal
Sif Muna
Uskayaw
Zin
Jiyva

Shops:
D:6 ?   D:9 (

Portals:
Gauntlet: Orc:2

Annotations:
Lair:2 exclusion: 2 oklob plants


Innate Abilities, Weirdness & Mutations

You are immune to sickness and miasma.
Your stone body is resilient. (AC +11)
You are immune to poison.
Your large and strong wings let you fly.
You resist negative energy. (rN+)
You are resistant to electric shocks. (rElec)
You are resistant to unholy torment.
You are immune to petrification.


Message History

You kill the orc!
You hear a shout! x3
The orc warrior shoots an arrow.
The arrow closely misses you.
You rampage towards the ettin!
You sock the ettin! You freeze the ettin!
The ettin is moderately wounded.
You bludgeon the ettin!! You freeze the ettin!
You kill the ettin!
Okawaru accepts your kill.
You rampage towards the orc warrior!
You puncture the orc warrior! You freeze the orc warrior.
The orc warrior is almost dead.
You impale the ettin!! You freeze the ettin.
The ettin is heavily wounded.
You feel like a meek peon again.
You bludgeon the ettin!! You freeze the ettin!
The ettin is almost dead.
The ettin hits you but does no damage.
The ettin hits you with a +0 great mace!!
* * * LOW HITPOINT WARNING * * *
Unknown command.
You puncture the ettin! You freeze the ettin.
You kill the ettin!
Okawaru accepts your kill.
The orc warrior unwields a +0 orcbow.
The orc warrior wields a +0 broad axe.
The orc warrior hits you with a +0 broad axe.
* * * LOW HITPOINT WARNING * * *
Unknown command.
You hit the orc warrior. You freeze the orc warrior.
You kill the orc warrior!
Okawaru accepts your kill.
Unknown command.
You bludgeon the cyclops!! You freeze the cyclops!
The cyclops is heavily wounded.
You impale the cyclops!! You freeze the cyclops!
You kill the cyclops!
Okawaru accepts your kill.
You hit the orc wizard. You freeze the orc wizard.
The orc wizard is severely wounded.
The cyclops throws a large rock.
The large rock hits you!
You die...

.................
.................
.............#...
.................
P.P..............
.PP..............
........†........
......).<))......
.......[@).......
..P.....o(.......
...C.....$..∩....
.P..##.....C#....
P..P .......####.
... ......... ..
..<........
.............


You could see 2 cyclopes and an orc wizard (strong).

Vanquished Creatures
  Saint Roka (Orc:2)
  Rupert (Lair:3)
  Nessos (Lair:3)
  A dire elephant (Lair:5)
  2 ettins (Orc:2)
  A fire dragon (Volcano)
  Fannar (Lair:2)
  4 hydras
  A catoblepas (Lair:5)
  2 boulder beetles
  5 two-headed ogres
  A deep troll shaman (Lair:5)
  13 death yaks
  Nergalle (D:10)
  2 skysharks
  A fire crab (Volcano)
  A pharaoh ant (Lair:2)
  An ugly thing (D:12)
  2 cyclopes
  A manticore (D:10)
  18 elephants
  6 black mambas
  2 molten gargoyles (Volcano)
  15 cane toads
  A rime drake (Lair:3)
  Maggie (D:6)
  6 komodo dragons
  A kobold demonologist (D:11)
  2 hornets
  A tarantella (Lair:2)
  2 polar bears
  4 trolls
  Grinder (D:5)
  27 blink frogs
  Prince Ribbit (D:7)
  3 shadows
  5 wyverns
  A wraith (D:11)
  31 yaks
  2 wargs (Orc:2)
  Grum (D:8)
  3 basilisks
  5 fire bats
  6 steam dragons
  Menkaure (D:5)
  2 acid dragons
  Edmund (D:5)
  8 water moccasins
  Duvessa (D:7)
  A hell hound (Volcano)
  2 ice beasts (D:7)
  9 orc warriors
  A sky beast (D:7)
  19 wolves
  4 black bears
  4 ogres
  8 centaurs
  A phantom (D:4)
  12 bullfrogs
  9 gnoll sergeants
  8 scorpions
  4 wights (D:9)
  10 killer bees
  Dowan (D:7)
  3 howler monkeys (D:11)
  An electric eel (Lair:5)
  A jelly (D:5)
  8 lava snakes (Volcano)
  2 bombardier beetles (D:4)
  4 hounds
  6 gnoll boudas (Bailey)
  8 orc priests
  8 mummies (Ossuary)
  4 iguanas
  2 sleepcaps
  10 orc wizards
  Terence (D:1)
  4 crocodile zombies (Ossuary)
  A hound zombie (Ossuary)
  Robin (D:2)
  26 gnolls
  3 howler monkey zombies (Ossuary)
  4 adders
  A shadow imp (D:7)
  A white imp (D:8)
  2 ufetubi (D:6)
  3 dart slugs
  2 ribbon worms
  36 orcs
  3 ball pythons
  3 endoplasms
  3 giant cockroaches
  10 hobgoblins
  2 quokkas
  3 bats
  5 frilled lizards
  12 goblins
  7 kobolds
  4 rats
488 creatures vanquished.

Notes
Turn   | Place    | Note
-------+----------+-------------------------------------------
     0 | D:1      | mopl the Gargoyle Fighter began the quest for the Orb.
     0 | D:1      | Reached XP level 1. HP: 14/14 MP: 1/1
   347 | D:1      | Reached XP level 2. HP: 19/19 MP: 2/2
   795 | D:1      | Reached XP level 3. HP: 23/23 MP: 3/3
   937 | D:2      | Noticed Terence
   938 | D:2      | Noticed Robin
   972 | D:1      | Killed Terence
   973 | D:1      | Reached skill level 1 in Dodging
  1013 | D:1      | Reached skill level 3 in Maces & Flails
  1048 | D:1      | Reached XP level 4. HP: 23/29 MP: 4/4
  1109 | D:2      | Killed Robin
  1681 | D:3      | Reached XP level 5. HP: 17/33 MP: 5/5
  1980 | D:3      | Found a shadowy altar of Dithmenos.
  1980 | D:3      | Found a hide-covered altar of Uskayaw.
  1981 | D:3      | Found a shimmering blue altar of Sif Muna.
  1996 | D:4      | Noticed a phantom
  2013 | D:4      | Killed a phantom
  2132 | D:4      | Noticed a black bear
  2145 | D:4      | Killed a black bear
  2146 | D:4      | Reached skill level 4 in Maces & Flails
  2146 | D:4      | Reached skill level 1 in Throwing
  2146 | D:4      | Reached skill level 1 in Evocations
  2146 | D:4      | Reached XP level 6. HP: 32/39 MP: 6/6
  2304 | D:4      | Found a white marble altar of Elyvilon.
  2413 | D:3      | Found an opulent altar of Gozag.
  2413 | D:3      | Found a burning altar of Makhleb.
  2434 | D:4      | Reached XP level 7. HP: 44/44 MP: 7/7
  2881 | D:5      | Entered Level 5 of the Dungeon
  3079 | D:5      | Noticed Grinder
  3093 | D:5      | Paralysed by Grinder for 3 turns
  3107 | D:5      | Paralysed by Grinder for 4 turns
  3114 | D:5      | Killed Grinder
  3115 | D:5      | Reached skill level 5 in Fighting
  3115 | D:5      | Reached skill level 5 in Maces & Flails
  3115 | D:5      | Reached skill level 5 in Armour
  3115 | D:5      | Reached XP level 8. HP: 34/49 MP: 8/8
  3494 | D:5      | Noticed Menkaure
  3506 | D:5      | Killed Menkaure
  3690 | D:5      | Noticed Edmund
  3705 | D:5      | Killed Edmund
  3902 | D:5      | Reached skill level 6 in Maces & Flails
  3944 | D:5      | Found a glowing silver altar of Zin.
  4231 | D:6      | Found a sand-covered staircase.
  4252 | Ossuary  | Entered an ossuary
  4352 | Ossuary  | Reached XP level 9. HP: 54/55 MP: 9/9
  4618 | D:6      | Found Dufrysat's Magic Scroll Boutique.
  4627 | D:6      | Bought a scroll of noise for 11 gold pieces
  4627 | D:6      | Bought a scroll of teleportation for 33 gold pieces
  4627 | D:6      | Bought a scroll of identify for 22 gold pieces
  4627 | D:6      | Bought a scroll of revelation for 82 gold pieces
  4627 | D:6      | Bought a scroll of identify for 22 gold pieces
  4671 | D:6      | Found an iron altar of Okawaru.
  4682 | D:6      | Became a worshipper of Warmaster Okawaru
  5001 | D:6      | Noticed Maggie
  5016 | D:6      | Killed Maggie
  5017 | D:6      | Reached skill level 1 in Invocations
  5084 | D:6      | Found a stormy altar of Qazlal.
  5512 | D:7      | Noticed Prince Ribbit
  5522 | D:7      | Reached skill level 7 in Maces & Flails
  5527 | D:7      | Killed Prince Ribbit
  5689 | D:7      | Noticed Dowan
  5693 | D:7      | Noticed Duvessa
  5700 | D:7      | Killed Dowan
  5700 | D:7      | Reached * piety under Okawaru
  5710 | D:7      | Killed Duvessa
  6149 | D:7      | Reached XP level 10. HP: 38/61 MP: 11/11
  6410 | D:7      | Found a staircase to the Ecumenical Temple.
  6541 | D:8      | Found a staircase to the Lair.
  6730 | D:8      | Reached ** piety under Okawaru
  6784 | D:8      | Noticed Grum
  6813 | D:8      | Killed Grum
  6814 | D:8      | Reached skill level 8 in Maces & Flails
  7366 | D:9      | Found a flagged portal.
  7375 | Bailey   | Entered a bailey
  8057 | Bailey   | Identified the staff "Gim Weq" {rElec Dex+2 Air}
  8058 | Bailey   | Identified the +4 orcbow of Pestilence {speed, rN++ Int+4}
  8059 | Bailey   | Identified the +11 whip "Ebion" {flame, rPois Stlth+}
  8274 | D:9      | Found Voxtotz's Weapon Boutique.
  8286 | D:9      | Bought 4 curare-tipped darts for 76 gold pieces
  8502 | D:9      | Reached skill level 5 in Throwing
  8753 | D:9      | Found a sparkling altar of Nemelex Xobeh.
  8795 | D:9      | Reached XP level 11. HP: 30/67 MP: 14/14
  8899 | D:9      | Reached skill level 5 in Evocations
  8974 | D:10     | Entered Level 10 of the Dungeon
  9006 | D:10     | Noticed a manticore
  9017 | D:10     | Killed a manticore
  9018 | D:10     | Reached skill level 9 in Maces & Flails
  9033 | D:10     | Reached *** piety under Okawaru
  9040 | D:10     | Reached skill level 5 in Dodging
  9098 | D:10     | Noticed Nergalle
  9117 | D:10     | Killed Nergalle
  9332 | D:10     | Reached **** piety under Okawaru
  9765 | D:11     | Noticed a boulder beetle
  9789 | D:11     | Killed a boulder beetle
  9810 | D:11     | Noticed a two-headed ogre
  9820 | D:11     | Killed a two-headed ogre
  9821 | D:11     | Reached skill level 5 in Invocations
  9823 | D:11     | Noticed a cyclops
  9828 | D:11     | Killed a cyclops
 10042 | D:11     | Noticed a two-headed ogre
 10057 | D:11     | Killed a two-headed ogre
 10057 | D:11     | Reached ***** piety under Okawaru
 10147 | D:11     | Reached skill level 10 in Maces & Flails
 10400 | D:11     | Found a staircase to the Orcish Mines.
 10456 | D:11     | Reached XP level 12. HP: 71/75 MP: 16/16
 10533 | D:11     | Noticed a two-headed ogre
 10542 | D:11     | Killed a two-headed ogre
 10634 | D:11     | Noticed a two-headed ogre
 10648 | D:11     | Killed a two-headed ogre
 11102 | Lair:1   | Entered Level 1 of the Lair of Beasts
 11367 | Lair:1   | Received a gift from Okawaru
 11576 | Lair:1   | Reached skill level 11 in Maces & Flails
 12319 | Lair:2   | Noticed a four-headed hydra
 12332 | Lair:2   | Killed a one-headed hydra
 12369 | Lair:2   | Found a hole to the Spider Nest.
 12379 | Lair:2   | Received a gift from Okawaru
 12400 | Lair:2   | Reached ****** piety under Okawaru
 12527 | Lair:2   | Reached XP level 13. HP: 75/80 MP: 18/18
 12532 | Lair:2   | Found a dark tunnel.
 12541 | Volcano  | Entered a volcano
 12979 | Volcano  | Found a radiant altar of Vehumet.
 13115 | Volcano  | Noticed a fire dragon
 13129 | Volcano  | Killed a fire dragon
 13361 | Lair:2   | Found a blossoming altar of Fedhas.
 13799 | Lair:2   | Acquired the +0 pair of gloves "Jirha" {Str+4}
 13799 | Lair:2   | Received a gift from Okawaru
 13812 | Lair:2   | Acquired a +0 eveningstar of holy wrath
 13812 | Lair:2   | Received a gift from Okawaru
 13830 | Lair:2   | Received a gift from Okawaru
 14155 | Lair:2   | Noticed Fannar
 14181 | Lair:2   | Killed Fannar
 14720 | Lair:3   | Noticed Rupert
 14736 | Lair:3   | Killed Rupert
 15020 | Lair:3   | Reached skill level 10 in Fighting
 15116 | Lair:3   | Reached skill level 12 in Maces & Flails
 15119 | Lair:3   | Received a gift from Okawaru
 15169 | Lair:3   | Reached skill level 10 in Armour
 15297 | Lair:3   | Found a staircase to the Shoals.
 15305 | Lair:3   | Noticed Nessos
 15315 | Lair:3   | Killed Nessos
 15750 | Lair:3   | Received a gift from Okawaru
 16056 | Lair:4   | Gained mutation: Your large and strong wings let you fly.
                  | [Gargoyle growth]
 16056 | Lair:4   | Reached XP level 14. HP: 82/88 MP: 20/20
 16449 | Lair:5   | Entered Level 5 of the Lair of Beasts
 16791 | Lair:5   | Received a gift from Okawaru
 17025 | Lair:5   | Identified the scarf of Cheibriados's Regard {rC+ rF+,
                  | Str+4}
 17077 | Lair:5   | Reached skill level 13 in Maces & Flails
 17210 | Lair:5   | Received a gift from Okawaru
 17768 | Lair:5   | Received a gift from Okawaru
 17878 | Lair:5   | Noticed a dire elephant
 17889 | Lair:5   | Killed a dire elephant
 18006 | Lair:5   | Found a staircase to the Slime Pits.
 18006 | Lair:5   | Found a viscous altar of Jiyva.
 18710 | D:12     | Reached XP level 15. HP: 80/95 MP: 21/21
 19249 | Orc:1    | Entered Level 1 of the Orcish Mines
 19383 | Orc:2    | Entered Level 2 of the Orcish Mines
 19383 | Orc:2    | Found a gate leading to a gauntlet.
 19388 | Orc:2    | Noticed Saint Roka
 19436 | Orc:2    | Killed Saint Roka
 19436 | Orc:2    | Received a gift from Okawaru
 19452 | Orc:2    | Hit by a large rock thrown by a cyclops

Illustrated notes

Levels and vault maps discovered:
D:1:      shiori_arrival_oz, layout_loops_corners, minmay_tetromino_t2
D:2:      layout_rooms, nicolae_the_louvre, uniq_robin, uniq_terence
D:3:      layout_basic, nicolae_overflow_hidden_temple
D:4:      layout_loops_ring, mainiacjoe_overflow_boulevard, minmay_statues_item
D:5:      layout_basic, zin_statuary, uniq_edmund, uniq_grinder, uniq_menkaure
D:6:      layout_basic, okawaru_ov_weapons_minmay, grunt_qazlal_clouds,
          serial_shops, nicolae_shop_trees,
          nicolae_ossuary_entry_false_entrances, uniq_maggie
D:7:      kennysheep_steamy, layout_rooms, minmay_temple_entry_poolview,
          minmay_circle_x, uniq_duvessa, uniq_prince_ribbit1
D:8:      layout_basic, lair_entry_dummy, uniq_grum
D:9:      layout_grid_maze, general_overflow_altar, enter_bailey_2,
          serial_shops, shop
D:10:     layout_irregular_city, centaur_isle, uniq_nergalle
D:11:     minmay_inner_zag, layout_irregular_city
D:12:     layout_basic
Lair:1:   layout_cave_pods, beast_lair_carwin_10
Lair:2:   layout_hall_layers, nicolae_spider_entry_lesser_pyramids,
          nicolae_volcano_entry_batcave, hangedman_tree_tricks,
          chequers_serial_rivers_small_3, beast_lair_carwin_7,
          infiniplex_staircase_pool_2, uniq_fannar
Lair:3:   layout_layer_cave, shoals_dummy_entry, grunt_megastairs_5,
          uniq_rupert, uniq_nessos
Lair:4:   layout_big_grid, serial_bayou_shore_a
Lair:5:   grunt_lair_end_beastmaster, layout_layer_cave, slime_entry_1,
          pdpol_lair_neglected_garden, grunt_megastairs_3,
          infiniplex_staircase_pool, serial_bayou_shore_b
Orc:1:    layout_diamond_mine, uniq_josephine
Orc:2:    grunt_orc_gardens, layout_caves, grunt_orc_garden, grunt_orc_garden,
          grunt_orc_garden, grunt_orc_garden, serial_shops, shop,
          gauntlet_entry_generic, uniq_saint_roka

Skill      XL: |  1  2  3  4  5  6  7  8  9 10 11 12 13 14 15 |
---------------+----------------------------------------------+-----
Dodging        | 1 2 3 4 5 6 7 8 |  8.0
Maces & Flails | 3 4 5 6 7 8 10 11 12 13 | 13.8
Armour         | 4 5 6 7 8 9 10 11 | 11.3
Fighting       | 4 5 6 7 8 9 10 11 | 11.4
Throwing       | 1 2 3 4 5 6 7 8 |  8.9
Evocations     | 1 2 3 4 5 6 7 8 |  8.5
Invocations    | 2 4 5 6 8 9 |  9.3
Shields        | |  3.2

Action                     |  1- 3 |  4- 6 |  7- 9 | 10-12 | 13-15 || total
---------------------------+-------+-------+-------+-------+-------++-------
  Melee: Flail             |    49 |    16 |    25 |       |       ||    90
         Dagger            |    23 |   136 |    90 |       |       ||   249
         Dire flail        |       |       |   203 |   760 |   881 ||  1844
         Hand axe          |       |       |       |     5 |     8 ||    13
         Punch             |       |       |       |       |     1 ||     1
   Fire: Triple crossbow   |       |       |       |    17 |       ||    17
         Orcbow            |       |       |       |       |    15 ||    15
  Throw: Dart              |       |       |       |    13 |       ||    13
 Invoke: Heroism           |       |       |       |     4 |     5 ||     9
         Finesse           |       |       |       |       |     2 ||     2
         Receive Weapon    |       |       |       |       |     1 ||     1
         Receive Armour    |       |       |       |       |     1 ||     1
  Evoke: Wand              |       |       |       |     4 |     3 ||     7
    Use: Scroll            |       |       |     9 |     7 |     1 ||    17
         Potion            |       |       |       |     1 |     2 ||     3
   Stab: Petrified         |       |       |       |       |     8 ||     8
         Petrifying        |       |       |       |       |     1 ||     1
 Armour: Scale mail        |    71 |   102 |   174 |     2 |       ||   349
         Plate armour      |       |       |       |   702 |   686 ||  1388
         Chain mail        |       |       |       |   163 |       ||   163
  Dodge: Dodged            |    29 |    60 |   123 |   340 |   319 ||   871
  Block: Buckler           |    24 |    40 |    18 |       |       ||    82
